[ AOE2 MATCH · #506161972 ]
UnrankedSicilians vs Mapuche
Player's team · WIN
Rival team · LOSS
[ REPLAY ANALYSIS · EXTRACTED FROM THE RECORDED GAME ]
Feudal
—
Castle
—
Imperial
—
| APM avg | 42.9 |
| APM peak | 68 |
| eAPM avg | 21.1 |
| Villagers / military | 71 / 0 |
Focus
⚔️ 26.7% · 🌾 73.3%
Feudal
12:46
Castle
—
Imperial
—
| APM avg | 24.9 |
| APM peak | 75 |
| eAPM avg | 12.8 |
| Villagers / military | 32 / 1 |
Focus
⚔️ 12.6% · 🌾 87.4%
Unknown (2550) ×5 · Spearman ×1
Match map
Initial resources + every placement click. Lines = walls · curves = elevation contours. ◆ gold · ⬟ stone · ● berries · ✦ relic · ◌ wall gap
Your base· ✓ Closed at 12:00 · 0t walls · 3 gate(s)
SJSJ's base· ✓ Closed at 12:00 · 12t walls · 3 gate(s)
Smoothed initial terrain · ◌ = detected wall gap · hover for details
Inputs per minute
— Liberty - - SJSJ
Build order — Liberty
84 actions detected in the replay
| 0:01 | Queue | Villager (Male) ×4 |
| 0:02 | Build | House |
| 0:04 | Build | House |
| 1:19 | Queue | Villager (Male) |
| 1:19 | Queue | Villager (Male) |
| 1:57 | Build | Lumber Camp |
| 2:09 | Queue | Villager (Male) |
| 2:09 | Queue | Villager (Male) |
| 2:09 | Queue | Villager (Male) |
| 2:56 | Queue | Villager (Male) |
| 2:56 | Queue | Villager (Male) |
| 2:56 | Queue | Villager (Male) |
| 2:57 | Queue | Villager (Male) |
| 3:10 | Build | House |
| 3:11 | Build | House |
| 3:27 | Queue | Villager (Male) |
| 3:27 | Queue | Villager (Male) |
| 3:57 | Queue | Villager (Male) |
| 3:57 | Queue | Villager (Male) |
| 3:57 | Queue | Villager (Male) |
| 4:42 | Queue | Villager (Male) |
| 4:42 | Queue | Villager (Male) |
| 4:51 | Research | Loom |
| 4:52 | Queue | Villager (Male) |
| 4:52 | Queue | Villager (Male) |
| 5:53 | Queue | Villager (Male) |
| 5:53 | Queue | Villager (Male) |
| 5:53 | Queue | Villager (Male) |
| 5:53 | Queue | Villager (Male) |
| 5:54 | Queue | Villager (Male) |
| 6:26 | Queue | Villager (Male) |
| 6:27 | Queue | Villager (Male) |
| 7:04 | Queue | Villager (Male) |
| 7:04 | Queue | Villager (Male) |
| 8:14 | Build | Town Center |
| 8:30 | Build | Mill |
| 8:46 | Queue | Villager (Male) |
| 8:48 | Queue | Villager (Male) |
| 9:11 | Queue | Villager (Male) |
| 9:11 | Queue | Villager (Male) |
| 9:11 | Queue | Villager (Male) |
| 10:07 | Build | House |
| 10:13 | Queue | Villager (Male) |
| 10:13 | Queue | Villager (Male) |
| 10:32 | Queue | Villager (Male) |
| 10:33 | Queue | Villager (Male) |
| 11:22 | Build | Town Center |
| 11:47 | Queue | Villager (Male) |
| 12:18 | Queue | Villager (Male) |
| 12:18 | Queue | Villager (Male) |
| 12:18 | Queue | Villager (Male) |
| 12:18 | Queue | Villager (Male) |
| 12:19 | Queue | Villager (Male) |
| 12:52 | Build | Lumber Camp |
| 13:03 | Queue | Villager (Male) |
| 13:03 | Queue | Villager (Male) |
| 13:14 | Build | House |
| 13:24 | Build | House |
| 13:29 | Queue | Villager (Male) |
| 13:29 | Queue | Villager (Male) |
| 14:04 | Queue | Villager (Male) |
| 14:05 | Queue | Villager (Male) |
| 14:33 | Queue | Villager (Male) |
| 14:34 | Queue | Villager (Male) |
| 15:39 | Queue | Villager (Male) |
| 15:39 | Queue | Villager (Male) |
| 16:13 | Queue | Villager (Male) |
| 16:13 | Queue | Villager (Male) |
| 16:13 | Queue | Villager (Male) |
| 17:32 | Queue | Villager (Male) |
| 17:48 | Build | House |
| 18:25 | Queue | Villager (Male) |
| 19:06 | Queue | Villager (Male) |
| 19:07 | Queue | Villager (Male) |
| 19:07 | Queue | Villager (Male) |
| 19:07 | Queue | Villager (Male) |
| 19:42 | Build | Lumber Camp |
| 20:09 | Build | Mill |
| 21:34 | Queue | Villager (Male) |
| 21:34 | Queue | Villager (Male) |
| 22:11 | Queue | Villager (Male) |
| 22:12 | Queue | Villager (Male) |
| 22:12 | Queue | Villager (Male) |
| 22:12 | Queue | Villager (Male) |
Build order — SJSJ
59 actions detected in the replay
| 0:01 | Queue | Villager (Male) |
| 0:01 | Queue | Villager (Male) |
| 0:02 | Build | House |
| 0:04 | Build | House |
| 0:36 | Queue | Villager (Male) |
| 0:36 | Queue | Villager (Male) |
| 1:34 | Queue | Villager (Male) |
| 1:34 | Queue | Villager (Male) |
| 1:46 | Build | Settlement |
| 1:59 | Queue | Villager (Male) |
| 2:28 | Queue | Villager (Male) |
| 2:54 | Queue | Villager (Male) |
| 3:20 | Queue | Villager (Male) |
| 3:21 | Queue | Villager (Male) |
| 4:10 | Queue | Villager (Male) |
| 4:11 | Queue | Villager (Male) |
| 4:11 | Queue | Villager (Male) |
| 4:19 | Build | Settlement |
| 4:53 | Queue | Villager (Male) |
| 4:53 | Queue | Villager (Male) |
| 5:18 | Queue | Villager (Male) |
| 5:19 | Queue | Villager (Male) |
| 5:38 | Queue | Villager (Male) |
| 5:39 | Queue | Villager (Male) |
| 6:40 | Build | Settlement |
| 7:00 | Queue | Villager (Male) |
| 7:02 | Queue | Villager (Male) |
| 7:34 | Queue | Villager (Male) |
| 8:26 | Research | Feudal Age |
| 9:00 | Build | Town Center |
| 9:30 | Build | Palisade Wall |
| 9:40 | Build | Palisade Wall |
| 10:01 | Research | Feudal Age |
| 10:07 | Research | Loom |
| 10:28 | Research | Feudal Age |
| 10:53 | Build | Barracks |
| 11:01 | Build | Palisade Wall |
| 11:06 | Build | Palisade Wall |
| 12:46 | Age | Feudal Age |
| 12:47 | Queue | Villager (Male) |
| 13:53 | Research | Tech 1402 |
| 14:08 | Queue | Unit 2550 |
| 14:09 | Queue | Unit 2550 |
| 14:22 | Queue | Villager (Male) |
| 15:01 | Queue | Unit 2550 |
| 15:44 | Build | House |
| 15:46 | Build | House |
| 15:59 | Queue | Unit 2550 |
| 17:30 | Queue | Unit 2550 |
| 17:37 | Build | House |
| 18:25 | Build | Town Center |
| 18:58 | Queue | Spearman |
| 19:52 | Queue | Villager (Male) |
| 20:09 | Queue | Villager (Male) |
| 20:41 | Queue | Villager (Male) |
| 21:02 | Queue | Villager (Male) |
| 21:20 | Queue | Villager (Male) |
| 21:39 | Queue | Villager (Male) |
| 21:49 | Queue | Villager (Male) |
Match timeline
| 9:30 | SJSJ · wall_segment Palisade Wall x3 |
| 9:40 | SJSJ · wall_segment Palisade Wall x7 |
| 10:53 | SJSJ · first_building Barracks |
| 11:01 | SJSJ · wall_segment Palisade Wall x1 |
| 11:06 | SJSJ · wall_segment Palisade Wall x1 |
| 12:46 | SJSJ · age_up feudal |
| 22:17 | SJSJ · resign |
[ AI ANALYSIS · 1 CREDIT ]
What really happened in this match?
Wolo.gg analyzes every decision: build order, eco, micro, common mistakes by bracket. Personalized analysis on WhatsApp or Discord in 30 seconds.
Civ guide
Sicilians
Perfil
Jugador #6175977